 Dungeon Crawl Stone Soup version 0.27.1 (webtiles) character file.

Game seed: 2989569054997877116

58 pkoi the Slasher (level 3, -6/30 HPs)
             Began as a Minotaur Gladiator on Aug 27, 2021.
             Killed by divine providence
             ... invoked by an orc priest
              (9 damage)
             ... on level 3 of the Dungeon.
             The game lasted 00:04:17 (2401 turns).

pkoi the Slasher (Minotaur Gladiator)               Turns: 2401, Time: 00:04:17

Health: -6/30      AC:  4    Str: 19    XL:     3   Next: 75%
Magic:  2/2        EV: 12    Int:  5    God:
Gold:   169        SH:  0    Dex: 11    Spells: 2/2 levels left

rFire    . . .     SeeInvis .   a - +0 long sword
rCold    . . .     Faith    .   (no shield)
rNeg     . . .     Spirit   .   b - +0 leather armour
rPois    .         Reflect  .   c - +0 hat
rElec    .         Harm     .   (no cloak)
rCorr    .         Rampage  .   q - +0 pair of gloves
Will     .....                  (no boots)
Stlth    +.........             (no amulet)
HPRegen  0.10/turn              (no ring)
MPRegen  0.08/turn              (no ring)

@: no status effects
A: horns 2, retaliatory headbutt
a: no special abilities


You were on level 3 of the Dungeon.
You visited 1 branch of the dungeon, and saw 3 of its levels.

You collected 169 gold pieces.

Inventory:

Hand Weapons
 a - a +0 long sword (weapon)
Missiles
 d - 2 throwing nets (quivered)
 p - 8 boomerangs
Armour
 b - a +0 leather armour (worn)
 c - a +0 hat (worn)
 q - a +0 pair of gloves (worn)
Jewellery
 k - a ring of fire
Wands
 m - a wand of paralysis (10)
Scrolls
 e - a scroll of torment {unknown}
 f - 2 scrolls of fear {unknown}
 g - a scroll of enchant weapon {unknown}
 h - 4 scrolls of teleportation {unknown}
 i - 2 scrolls of identify {unknown}
 j - a scroll of enchant armour {unknown}
 o - a scroll of blinking {unknown}
Potions
 l - a potion of haste {unknown}
 n - 2 potions of heal wounds {unknown}


   Skills:
 - Level 2.4 Fighting
 + Level 5.7 Long Blades
 - Level 2.0 Throwing
 - Level 3.2 Dodging


You had 2 spell levels left.
You didn't know any spells.
Your spell library was empty.

Dungeon Overview and Level Annotations

Branches:
Dungeon (3/15)

Altars:
Qazlal


Innate Abilities, Weirdness & Mutations

You have a pair of horns on your head.
You reflexively headbutt those who attack you in melee.


Message History

You are too injured to fight recklessly!
You miss the orc.
You hear a shout!
The orc closely misses you.
The orc wizard points at you and mumbles some strange words.
You are more confused.
A gnoll comes into view. It is wielding a +0 flail.
The gnoll shouts!
The orc shouts!
Unknown command.
You hit the orc but do no damage. The orc misses you.
A gnoll comes into view. It is wielding a +0 club.
You bump into the rock wall.
The orc barely misses you. The orc hits you with a +0 falchion.
You bump into the rock wall.
The orc closely misses you. The orc misses you.
You closely miss the orc. Your headbutt misses the orc. The orc misses you.
The orc hits you with a +0 falchion.
* * * LOW HITPOINT WARNING * * *
The orc completely misses you.
You bump into the rock wall.
The orc closely misses you. The orc hits you with a +0 mace.
* * * LOW HITPOINT WARNING * * *
You miss the orc. The orc barely misses you. x2
Unknown command.
You closely miss the orc. The orc hits you with a +0 falchion.
* * * LOW HITPOINT WARNING * * *
The orc misses you.
You barely miss the orc. The orc misses you. The orc barely misses you. x2
You bump into the rock wall.
The orc hits you with a +0 mace.
* * * LOW HITPOINT WARNING * * *
The orc barely misses you.
You feel less confused. The orc hits you but does no damage.
The orc hits you with a +0 mace.
* * * LOW HITPOINT WARNING * * *
The orc priest barely misses you.
The orc throws a boomerang.
The boomerang hits you.
* * * LOW HITPOINT WARNING * * *
The orc priest invokes the aid of Beogh against you.
Beogh smites you!
You die...

#....##.#.........#
#.......##.......##
###.#######.....##
##.# ##...## #..#
##+# #.## #.#
#.#########
####@#..og.g.#
#.....oo####.g..
#.##.#o.# . #
#.#..... #.....###
###..>.. ##.####
..# ###


You could see an orc priest, an orc wizard and an orc.

Vanquished Creatures
  3 worms
  4 dart slugs
  An orc (D:3)
  4 endoplasms
  3 giant cockroaches
  3 goblins
  2 quokkas
  11 ball pythons
  2 bats
  2 frilled lizards
  A kobold (D:3)
  5 rats
41 creatures vanquished.

Notes
Turn   | Place    | Note
-------+----------+-------------------------------------------
     0 | D:1      | pkoi the Minotaur Gladiator began the quest for the Orb.
     0 | D:1      | Reached XP level 1. HP: 18/18 MP: 0/0
   311 | D:1      | Reached skill level 4 in Long Blades
   389 | D:1      | Reached XP level 2. HP: 25/25 MP: 1/1
   956 | D:2      | Reached skill level 5 in Long Blades
  1025 | D:2      | Reached XP level 3. HP: 29/30 MP: 2/2
  1054 | D:2      | Found a stormy altar of Qazlal.
  2325 | D:3      | Found a faded altar of an unknown god.
  2401 | D:3      | Killed from afar by an orc priest

Illustrated notes

Levels and vault maps discovered:
D:1:      dpeg_arrival_line_fractal, layout_basic, minmay_misc_feat_hallway
D:2:      layout_rooms, basic_altar, minmay_parallelograms
D:3:      layout_loops_corners, gammafunk_ghost_mausoleum,
          ebering_ecumenical_altar_ruins, amcnicky_mini_pool_small, minivault_19

Skill      XL: |  1  2 |
---------------+-------+-----
Long Blades    | 4 5 |  5.7
Fighting       | |  2.4
Throwing       | |  2.0
Dodging        | |  3.2

Action                   || total
-------------------------++-------
Melee: Long sword        ||    78
       Headbutt          ||    13
Throw: Throwing net      ||     1
  Use: Scroll            ||     2
       Potion            ||     2
Armor: Leather armour    ||    26
Dodge: Dodged            ||    69
       Rpst.: Long sword ||    12
